 Dungeon Crawl Stone Soup version 0.18-a0-1677-g2bdad6c (webtiles) character file.

5044 Oddball22 the Timeless (level 10, -5/124 HPs)
             Began as a Demonspawn Monk on Apr 2, 2016.
             Was a High Priest of Cheibriados.
             Slain by a boulder beetle (16 damage)
             ... on level 9 of the Dungeon.
             The game lasted 00:24:00 (9054 turns).

Oddball22 the Timeless (Demonspawn Monk)            Turns: 9054, Time: 00:24:01

Health: -5/124     AC: 25    Str: 24    XL:     10   Next: 30%
Magic:  13/20      EV:  2    Int: 22    God:    Cheibriados [*****.]
Gold:   536        SH:  0    Dex: 34    Spells: 1 memorised, 7 levels left

rFire  + . .     SeeInvis .       - Unarmed
rCold  . . .     Gourm    .     (armour currently unavailable)
rNeg   + + +     Faith    .     (no shield)
rPois  +         Spirit   .     (helmet currently unavailable)
rElec  .         Dismiss  .     (cloak currently unavailable)
rCorr  .         Reflect  .     (gloves currently unavailable)
SustAt .         Harm     .     (boots currently unavailable)
MR     .....     NoTele   +     (no amulet)
Stlth  ++++......               h - ring of loudness (curse)
                                E - ring of protection from fire

@: agile, tree-form, very slow, not resistant to hostile enchantments, stealthy
A: (hooves 0), (large bone plates 0), demonic guardian 1, powered by death 1
a: Bend Time, Temporal Distortion, Slouch, Step From Time, Renounce Religion


You were on level 9 of the Dungeon.
You worshipped Cheibriados.
Cheibriados was extremely pleased with you.
You were not hungry.
You were a tree.
You visited 2 branches of the dungeon, and saw 10 of its levels.

You collected 536 gold pieces.

Inventory:

Hand Weapons
 i - a +2 halberd of pain
 l - a +0 mace of protection
Missiles
 y - 6 javelins (quivered)
 A - 4 silver javelins
Armour
 m - a +1 helmet of see invisible (melded)
 z - a +3 leather armour
 D - the +2 ring mail "Fiur" (melded) {Dex+5}
   (You found it on level 6 of the Dungeon)

   It affects your dexterity (+5).
Jewellery
 d - an uncursed ring of fire
 h - a cursed ring of loudness (right branch)
 j - an uncursed ring of magical power
 E - a ring of protection from fire (left branch)
Wands
 a - a wand of lightning (8/15)
 v - a wand of lightning (7/15)
 G - a wand of flame (22/48)
 J - a wand of slowing (20/48)
 L - a wand of flame (12/48)
 O - a wand of acid (6/15)
Scrolls
 c - 8 scrolls of identify
 e - a scroll of random uselessness {unknown}
 g - 9 scrolls of remove curse {unknown}
 o - 4 scrolls of teleportation {unknown}
 p - 2 scrolls of enchant armour {unknown}
 r - 2 scrolls of recharging {unknown}
 s - 4 scrolls of immolation {unknown}
 F - a scroll of enchant weapon {unknown}
 I - a scroll of fog {unknown}
 K - a scroll of acquirement {unknown}
 M - a scroll of magic mapping {unknown}
Potions
 q - a potion of magic
 u - a potion of lignification
 x - a potion of flight {unknown}
 B - a potion of brilliance {unknown}
 C - 3 potions of haste {unknown}
 H - a potion of invisibility {unknown}
Books
 w - a book of Minor Magic

   Spells                             Type                      Level
   a - Magic Dart                     Conjuration                  1
   b - Blink                          Translocation                2
   c - Call Imp                       Summoning                    2
   d - Repel Missiles                 Charms/Air                   2
   e - Slow                           Hexes                        2
   f - Conjure Flame                  Conjuration/Fire             3
   g - Mephitic Cloud                 Conjuration/Poison/Air       3
 P - a Grand Grimoire

   Spells                             Type                      Level
   a - Monstrous Menagerie            Summoning                    7
   b - Summon Greater Demon           Summoning                    7
   c - Malign Gateway                 Summoning/Translocation      7
   d - Summon Horrible Things         Summoning                    8
Comestibles
 b - 6 bread rations
 f - 3 meat rations
 k - 6 beef jerkies
 n - 2 royal jellies
 t - 10 slices of pizza


   Skills:
 + Level 9.5 Fighting
 - Level 2.2 Armour
 - Level 5.6 Dodging
 - Level 2.3 Stealth
 * Level 7.4 Unarmed Combat
 - Level 13.8 Invocations


You had 7 spell levels left.
You knew the following spells:

 Your Spells              Type           Power        Failure   Level  Hunger
a - Blink                 Tloc           N/A          24%         2    ###....


Dungeon Overview and Level Annotations

Branches:
Dungeon (9/15)             Temple (1/1) D:4
   Lair: D:8-11         Orc: D:9-12

Altars:
Ashenzari
Cheibriados
Dithmenos
Elyvilon
Fedhas
Gozag
Kikubaaqudgha
Makhleb
Nemelex Xobeh
Okawaru
Pakellas
Qazlal
Ru
Sif Muna
Trog
Vehumet
Xom
Yredelemnul
Zin
The Shining One

Shops:
D:7 *


Innate Abilities, Weirdness & Mutations

((You have large cloven feet.))
((You are partially covered in large bone plates (AC +2, SH +2).))
A weak demonic guardian rushes to your aid.
You regenerate a little health from kills.


Message History

Your ring mail "Fiur" prevents you from hitting the boulder beetle.
Your kick misses the boulder beetle.
You punch the boulder beetle, but do no damage.
The boulder beetle is lightly wounded.
You hit the boulder beetle but do no damage.
You kick the boulder beetle, but do no damage.
The boulder beetle is lightly wounded.
The boulder beetle bites you!
* * * LOW HITPOINT WARNING * * *
Drink which item? (? for menu, Esc to quit)
You feel agile all of a sudden.
Drink which item? (? for menu, Esc to quit)
It was a potion of lignification.
You turn into a tree.
Your +1 helmet of see invisible melds into your body.
The +2 ring mail "Fiur" {Dex+5} melds into your body.
You feel less perceptive.
Your roots penetrate the ground.
You hit the boulder beetle but do no damage.
The boulder beetle is lightly wounded.
The boulder beetle bites you!
You die...

......# o.....#
...!.# .....#
############..$.#
...?...♣B..#....#
############....#
#..(......#
#.........#
#.........#
#.........# .#
#.........# ##.
#.........# ...
#.........#


You could see a boulder beetle.

Vanquished Creatures
  A hornet (D:7)
  A human (D:7)
  A water moccasin (D:7)
  Duvessa (D:7)
  2 orc warriors
  2 sky beasts
  An ice beast (D:8)
  2 black bears (D:6)
  A necrophage (D:9)
  4 ogres
  3 giant frogs
  A gnoll sergeant (D:8)
  A water moccasin zombie (D:8)
  4 scorpions
  Dowan (D:7)
  7 killer bees
  3 wights (D:8)
  8 howler monkeys
  5 crimson imps
  5 hounds
  A giant frog skeleton (D:4)
  3 orc priests
  A centaur skeleton (D:8)
  A jelly (D:5)
  4 orc wizards
  An iguana (D:7)
  3 worker ants
  4 sheep (D:7)
  A killer bee zombie (D:8)
  Robin (D:1)
  8 gnolls
  A howler monkey skeleton (D:7)
  7 adders
  A shadow imp (D:6)
  An ooze (D:2)
  An adder skeleton (D:6)
  An adder zombie (D:5)
  3 dart slugs
  6 giant geckos
  22 orcs
  6 bats
  4 giant cockroaches
  18 goblins
  4 hobgoblins
  14 jackals
  9 kobolds
  4 quokkas
  2 ball pythons
  A giant gecko zombie (D:8)
  5 giant newts
  A jackal skeleton (D:6)
  11 rats
204 creatures vanquished.

Vanquished Creatures (collateral kills)
  A griffon (D:8)
  A two-headed ogre (D:9)
  An ogre (D:7)
  A scorpion (D:7)
  3 killer bees
  A howler monkey (D:7)
  4 worker ants
  A hound zombie (D:8)
  A gnoll (D:8)
  2 orcs
  3 jackals (D:5)
  A bat (D:3)
20 creatures vanquished.

Grand Total: 224 creatures vanquished

Notes
Turn   | Place    | Note
--------------------------------------------------------------
     0 | D:1      | Oddball22 the Demonspawn Monk began the quest for the Orb.
     0 | D:1      | Reached XP level 1. HP: 18/18 MP: 1/1
   161 | D:1      | Found a glowing golden altar of the Shining One.
   300 | D:1      | Gained mutation: You are partially covered in large bone plates (AC +2, SH +2). [demonic ancestry]
   300 | D:1      | Reached XP level 2. HP: 21/24 MP: 2/2
  1345 | D:2      | Noticed Robin
  1534 | D:1      | Reached XP level 3. HP: 29/29 MP: 3/3
  1617 | D:1      | Killed Robin
  2084 | D:2      | Found an ancient bone altar of Kikubaaqudgha.
  2137 | D:2      | Gained mutation: A weak demonic guardian rushes to your aid. [demonic ancestry]
  2137 | D:2      | Reached XP level 4. HP: 30/35 MP: 4/4
  3121 | D:3      | Found a shadowy altar of Dithmenos.
  3193 | D:3      | Found a stormy altar of Qazlal.
  3195 | D:3      | Noticed a water elemental
  3196 | D:3      | Noticed an earth elemental
  3196 | D:3      | Noticed a fire elemental
  3196 | D:3      | Noticed an air elemental
  3510 | D:3      | Gained mutation: You regenerate a little health from kills. [demonic ancestry]
  3510 | D:3      | Reached XP level 5. HP: 41/41 MP: 5/5
  3594 | D:3      | HP: 1/41 [gnoll/halberd of pain (18)]
  3905 | D:4      | Found a staircase to the Ecumenical Temple.
  3929 | D:4      | Noticed an ogre
  3934 | Temple   | Entered the Ecumenical Temple
  3938 | Temple   | Reached skill level 5 in Unarmed Combat
  3938 | Temple   | Reached XP level 6. HP: 45/48 MP: 6/6
  4007 | Temple   | Became a worshipper of Cheibriados the Contemplative
  4007 | Temple   | Reached * piety under Cheibriados
  4007 | Temple   | Reached ** piety under Cheibriados
  4043 | D:4      | Reached skill level 12 in Invocations
  4043 | D:4      | Reached XP level 7. HP: 14/63 MP: 15/16
  4970 | D:4      | Learned a level 2 spell: Blink
  4990 | D:5      | Entered Level 5 of the Dungeon
  5117 | D:5      | Found a white marble altar of Elyvilon.
  5281 | D:5      | Reached skill level 13 in Invocations
  5516 | D:5      | Reached XP level 8. HP: 56/69 MP: 17/17
  5699 | D:6      | Reached *** piety under Cheibriados
  6223 | D:6      | Found a stormy altar of Qazlal.
  6240 | D:6      | Got a crude ring mail
  6241 | D:6      | Identified the +2 ring mail "Fiur" {Dex+5} (You found it on level 6 of the Dungeon)
  6714 | D:7      | Reached skill level 5 in Dodging
  6760 | D:7      | Reached **** piety under Cheibriados
  6771 | D:7      | Gained mutation: You have large cloven feet. [demonic ancestry]
  6771 | D:7      | Reached XP level 9. HP: 61/75 MP: 19/19
  6844 | D:7      | Noticed Duvessa
  6879 | D:8      | Reached skill level 1 in Armour
  7017 | D:8      | Found an opulent altar of Gozag.
  7017 | D:8      | Found a radiant altar of Vehumet.
  7018 | D:8      | Noticed a griffon
  7049 | D:8      | Noticed a hornet
  7057 | D:7      | Killed a hornet
  7221 | D:7      | Noticed Dowan
  7381 | D:7      | Killed Dowan
  7386 | D:7      | Killed Duvessa
  7790 | D:7      | Found Zeqyud's General Store.
  8253 | D:8      | Killed a griffon
  8253 | D:8      | Reached XP level 10. HP: 61/83 MP: 20/20
  8257 | D:8      | Reached ***** piety under Cheibriados
  8533 | D:8      | Found a blossoming altar of Fedhas.
  8801 | D:9      | Found a shattered altar of Ashenzari.
  9054 | D:9      | Slain by a boulder beetle

Vault maps used:
D:1:      dpeg_arrival_three_bigger_balls, serial_bayou_pond_e, tso_metal_star
D:2:      lemuel_coloured_pillars_altar, minmay_parallelograms,
          corexii_leaking_fountain, uniq_robin
D:3:      marbit_many_paths, nicolae_qazlal_style_of_elements, minivault_26
D:4:      minmay_temple_entry_trees, first_bread
D:5:      basic_altar
D:6:      basic_altar
D:7:      serial_shops, shop, grunt_livestock, uniq_duvessa
D:8:      kennysheep_mini, minivault_19, jmf_multi_god_temple
D:9:      boulder_corridor_run, overflow_temple_1_default,
          overflow_temple_1_default, serial_shops, kennysheep_little_box
Temple:   water_room_temple_a_12

Skill      XL: |  1  2  3  4  5  6  7  8  9 10 |
---------------+-------------------------------+-----
Unarmed Combat | 4 5 6 7 |  7.4
Dodging        | 3 4 5 |  5.6
Stealth        | 2 |  2.3
Fighting       | 8 9 |  9.5
Invocations    | 12 13 | 13.8
Armour         | 2 |  2.2

Action                   |  1- 3 |  4- 6 |  7- 9 | 10-12 || total
-------------------------+-------+-------+-------+-------++-------
Melee: Unarmed           |   164 |   195 |   439 |   126 ||   924
       Halberd           |       |       |    54 |       ||    54
Invok: Slouch            |       |       |     2 |     1 ||     3
       Bend Time         |       |       |       |     1 ||     1
  Use: Scroll            |       |     1 |     1 |       ||     2
       Potion            |       |     6 |     3 |     2 ||    11
 Stab: Sleeping          |     1 |       |       |       ||     1
       Distracted        |       |       |     4 |     1 ||     5
  Eat: Chunk             |     4 |     6 |     7 |     2 ||    19
